 Dungeon Crawl Stone Soup version 0.30.1-4-g462c640d31 (webtiles) character file.

Game seed: 9407662179661107230

144 kingsuperguy the Covered (level 5, -12/48 HPs)
             Began as an Armataur Fighter on Aug 26, 2023.
             Mangled by a two-headed ogre
             ... wielding a +0 giant spiked club
              (18 damage)
             ... on level 4 of the Dungeon.
             The game lasted 00:02:20 (1419 turns).

kingsuperguy the Covered (Armataur Fighter)         Turns: 1419, Time: 00:02:21

Health: -12/48     AC:  9    Str: 24    XL:     5   Next: 5%
Magic:  5/5        EV:  7    Int:  8    God:
Gold:   74         SH:  4    Dex:  9    Spells: 4/4 levels left

rFire   . . .        a - +0 long sword
rCold   . . .        c - +0 buckler
rNeg    . . .        b - +0 scale mail
rPois   .            l - +0 helmet
rElec   .            h - +0 cloak
rCorr   .            (no gloves)
SInv    .            (no barding)
Will    .....        (no amulet) Stlth
                     (no ring)
HPRegen 0.28/turn    (no ring)
MPRegen 0.09/turn

%: roll
@: no status effects
A: large, rugged brown scales 3, deformed body, armoured tail, roll, long
tongue, awkward tongue
a: no special abilities


You were on level 4 of the Dungeon.
You visited 1 branch of the dungeon, and saw 4 of its levels.

You collected 74 gold pieces.

Inventory:

Hand Weapons
 a - a +0 long sword (weapon)
Armour
 b - a +0 scale mail (worn)
 c - a +0 buckler (worn)
 h - a +0 cloak (worn)
 j - a +0 pair of boots
 l - a +0 helmet (worn)
Wands
 m - a wand of charming (11)
Scrolls
 d - 2 scrolls of teleportation {unknown}
 e - a scroll of brand weapon {unknown}
 f - a scroll of blinking {unknown}
 i - a scroll of noise {unknown}
 k - a scroll of immolation {unknown}
 n - a scroll of amnesia {unknown}
Potions
 o - a potion of magic


   Skills:
 + Level 3.1 Fighting
 + Level 3.7 Long Blades
 + Level 4.4 Armour
 + Level 0.2 Dodging
 + Level 1.0 Stealth
 + Level 3.6 Shields


You had 4 spell levels left.
You didn't know any spells.
Your spell library contained the following spells:

 Spells                   Type           Power      Damage    Failure   Level
 Ozocubu's Armour         Ice            0%         N/A       98%         3
 Ozocubu's Refrigeration  Ice            0%         4d7       100%        7


Dungeon Overview and Level Annotations

Branches:
Dungeon (4/15)
 Temple: D:4-7

Altars:


Innate Abilities, Weirdness & Mutations

You are completely covered in rugged brown scales. (AC +3, +7% HP)
Armour fits poorly on your strangely shaped body.
You have a long armoured tail.
You roll when moving toward enemies. (Rampage)
Your long tongue fully drains potion bottles. (2x potion effects)
Your tongue gives you trouble enunciating. (1.5x scroll delay)


Message History

The iguana bites you but does no damage.
The iguana barely misses you.
You hit the iguana.
The iguana is severely wounded.
The iguana barely misses you.
You hit the iguana.
The iguana is almost dead.
The iguana barely misses you.
You hit the iguana.
You kill the iguana!
Your Stealth skill increases to level 1!
You have reached level 5!
You start resting.
HP restored.
Things that are here:
a jackal corpse; a jackal corpse; a jackal corpse
There is an open door here.
You open the door.
There is an open door here.
Found a scroll labelled UFUSKI MIENOQOU.
Found a murky orange potion.
n - a scroll labelled UFUSKI MIENOQOU
o - a murky orange potion A two-headed ogre comes into view.
It is wielding a +0 giant spiked club and a +0 giant club.
The two-headed ogre shouts in stereo!
You hit the two-headed ogre.
The two-headed ogre is lightly wounded.
The two-headed ogre hits you with a +0 giant spiked club!
The two-headed ogre hits you with a +0 giant club!
You hit the two-headed ogre. You tail-slap the two-headed ogre.
The two-headed ogre is lightly wounded.
You block the two-headed ogre's attack.
The two-headed ogre hits you with a +0 giant club!!
* * * LOW HITPOINT WARNING * * *
As you slowly read the scroll labelled GIEMUXZEBIO, it crumbles to dust.
It is a scroll of identify.
o - a potion of magic The two-headed ogre barely misses you.
The two-headed ogre hits you with a +0 giant club!!
You die...

+.........+
#.........#
##.......## ##.....##
##...## # ##'## #.
#.# ####.### #.#
#....O@# ##.##
#.##.#.##### ##...##
# #.....# #.....#
#.#.....# ##...##
#....#..######.###.#
###................#
.........############
##########


You could see a two-headed ogre.

Vanquished Creatures
  An iguana (D:4)
  An orc priest (D:3)
  An orc wizard (D:3)
  A gnoll (D:3)
  A worm (D:2)
  3 orcs (D:3)
  2 bats
  5 endoplasms
  A giant cockroach (D:1)
  6 goblins
  4 hobgoblins
  3 jackals (D:4)
  A quokka (D:1)
  3 ball pythons
  2 frilled lizards (D:1)
  5 kobolds
  6 rats
46 creatures vanquished.

Notes
Turn   | Place    | Note
-------+----------+-------------------------------------------
     0 | D:1      | kingsuperguy the Armataur Fighter began the quest for the
                  | Orb.
     0 | D:1      | Reached XP level 1. HP: 19/19 MP: 1/1
    75 | D:1      | Reached XP level 2. HP: 20/26 MP: 2/2
   834 | D:2      | Reached XP level 3. HP: 23/32 MP: 3/3
  1053 | D:3      | Reached skill level 4 in Armour
  1053 | D:3      | Reached XP level 4. HP: 24/40 MP: 4/4
  1351 | D:4      | Reached skill level 1 in Stealth
  1351 | D:4      | Reached XP level 5. HP: 41/48 MP: 5/5
  1416 | D:4      | Noticed a two-headed ogre
  1419 | D:4      | Mangled by a two-headed ogre

Illustrated notes

Levels and vault maps discovered:
D:1:      ncdulo_watergridlock, layout_loops_ring
D:2:      layout_basic
D:3:      layout_rooms, nicolae_uskayaw_suspiria,
          gammafunk_temple_overflow_wave, kennysheep_generic_room_5
D:4:      cheibrodos_helix_gallery, layout_loops_corners, xom_confusion_cloud,
          nemelex_spade_bored_becter

Skill      XL: |  1  2  3  4 |
---------------+-------------+-----
Long Blades    | 2 3 |  3.7
Fighting       | 3 |  3.1
Armour         | 4 |  4.4
Stealth        | 1 |  1.0
Dodging        | |  0.2
Shields        | |  3.6

Action                     |  1- 3 |  4- 6 || total
---------------------------+-------+-------++-------
  Melee: Long sword        |   126 |    48 ||   174
         Tailslap          |     7 |     5 ||    12
    Use: Potion            |     2 |       ||     2
         Scroll            |       |     1 ||     1
 Armour: Scale mail        |    74 |    31 ||   105
  Dodge: Dodged            |    52 |    20 ||    72
  Block: Buckler           |    24 |     6 ||    30
